 Dungeon Crawl Stone Soup version 0.20.1 (webtiles) character file.

2709 KleinerIrrer the Martial Artist (level 9, 0/64 HPs)
             Began as an Octopode Transmuter on July 2, 2017.
             Slain by TheGamingCockatoo's ghost (23 damage)
             ... on level 7 of the Dungeon.
             The game lasted 00:28:54 (8320 turns).

KleinerIrrer the Martial Artist (OpTm)              Turns: 8320, Time: 00:28:55

Health: 0/64       AC:  6    Str: 16    XL:     9   Next: 66%
Magic:  12/16      EV: 11    Int: 20    God:
Gold:   200        SH:  0    Dex: 14    Spells: 11/18 levels left

rFire    x . .     SeeInvis .     - Unarmed
rCold    + + +     Gourm    .   (shield currently unavailable)
rNeg     . . .     Faith    .   (helmet currently unavailable)
rPois    +         Spirit   .   (no amulet)
rElec    .         Reflect  .   i - +4 ring of intelligence
rCorr    .         Harm     .   t - +6 ring of strength
MR       .....                  (no ring)
Stlth    ++........             (no ring)
Regen    0.2/turn               (no ring)
MPRegen  0.2/turn               (no ring)
                                (no ring)
                                (no ring)

@: ice-form
A: almost no armour, stealthy swim, amphibious, 8 rings, (constrict 8)
a: End Transformation


You were on level 7 of the Dungeon.
You were not hungry.
You were a creature of crystalline ice.
You visited 1 branch of the dungeon, and saw 7 of its levels.

You collected 494 gold pieces.
You spent 294 gold pieces at shops.

Inventory:

Hand Weapons
 d - a +4 long sword of freezing (melded)
 s - the +0 dagger of a bazaar {drain, MR+}
   (You found it on level 4 of the Dungeon)

   A truly terrible weapon, it drains the life of those it strikes.
   It affects your resistance to hostile enchantments.
 u - a +1 dagger of protection
 v - a +4 long sword of freezing
 y - a +2 trident of piercing
Missiles
 a - 130 arrows
Armour
 C - a +0 shield
Magical Staves
 F - an uncursed staff of air {unknown}
Jewellery
 i - a +4 ring of intelligence (left front paw)
 t - a +6 ring of strength (right front paw)
Wands
 l - a wand of random effects (27/48)
 z - a wand of polymorph (13/24)
Scrolls
 e - 4 scrolls of amnesia
 h - 3 scrolls of identify
 k - a scroll of fog
 n - a scroll of teleportation
 p - a scroll of remove curse
 r - 2 scrolls of magic mapping {unknown}
Potions
 g - a potion of flight
 j - a potion of agility
 m - a potion of heal wounds
 o - 2 potions of lignification
 q - a potion of might
 x - a potion of haste {unknown}
 A - 2 potions of curing
 B - a potion of mutation {unknown}
Books
 b - a book of Changes

   Spells                             Type                      Level
   a - Beastly Appendage              Transmutation                1
   b - Sticks to Snakes               Transmutation                2
   c - Spider Form                    Transmutation/Poison         3
   d - Ice Form                       Ice/Transmutation            4
   e - Blade Hands                    Transmutation                5
Comestibles
 c - 3 bread rations
 f - 3 royal jellies
 w - 3 fruits
 D - 2 meat rations


   Skills:
 + Level 1.7 Fighting
 - Level 3.2 Dodging
 - Level 1.1 Stealth
 + Level 8.5 Unarmed Combat
 - Level 5.1 Spellcasting
 - Level 8.0 Transmutations
 - Level 2.0 Ice Magic


You had 11 spell levels left.
You knew the following spells:

 Your Spells              Type           Power        Failure   Level  Hunger
a - Beastly Appendage     Tmut           #####.       1%          1    None
b - Sticks to Snakes      Tmut           #####...     1%          2    None
c - Ice Form              Ice/Tmut       ####....     14%         4    ####...


Dungeon Overview and Level Annotations

Branches:
Dungeon (7/15)             Temple (0/1) D:5

Altars:
Cheibriados
Ru
Vehumet
Yredelemnul
The Shining One

Shops:
D:4 =(?!

Annotations:
D:7 TheGamingCockatoo's ghost, novice MiBe


Innate Abilities, Weirdness & Mutations

You cannot wear most types of armour.
You are very stealthy in the water. (Stealth+)
You are amphibious.
You can wear up to eight rings at the same time.
((You can use your tentacles to constrict eight enemies at once.))
((Your skin changes colour to match your surroundings (Stealth+).))
((Your rubbery body absorbs attacks. (AC +1, EV +1)))


Message History

TheGamingCockatoo's ghost yells, "Who would have thought, even in death it is a pleasure to sever!"
Casting: Ice Form
Confirm with . or Enter, or press ? or * to list all spells.
You turn into a creature of crystalline ice.
Your +4 long sword of freezing melds into your body.
Your +4 long sword of freezing stops glowing.
You punch TheGamingCockatoo's ghost! You freeze TheGamingCockatoo's ghost.
TheGamingCockatoo's ghost is lightly damaged.
TheGamingCockatoo's ghost hits you!!
You barely miss TheGamingCockatoo's ghost.
TheGamingCockatoo's ghost is lightly damaged.
TheGamingCockatoo's ghost barely misses you.
You punch TheGamingCockatoo's ghost! You freeze TheGamingCockatoo's ghost.
TheGamingCockatoo's ghost is moderately damaged.
TheGamingCockatoo's ghost closely misses you.
You hit TheGamingCockatoo's ghost. You freeze TheGamingCockatoo's ghost.
TheGamingCockatoo's ghost is moderately damaged.
TheGamingCockatoo's ghost hits you!! TheGamingCockatoo's ghost hits you!!
You die...

#..W.W......# #
#.####.######
....####.##
###.....#.# ######
######.##
#....########W#####..
#..........##........
##....W###.#...#####.
###.Y.#............
#...#.#.#...####.
#...#.#.##.##
##.#....##.#
#...#..##..
#.....####.# #..#.##
.# #..#.# #..#.#


You could see TheGamingCockatoo's ghost.

Vanquished Creatures
  Eustachio (D:6)
  Menkaure (D:5)
  3 sky beasts
  2 orc warriors (D:5)
  2 phantoms
  2 centaurs (D:6)
  3 ogres
  A bullfrog (D:6)
  2 gnoll sergeants
  A scorpion (D:4)
  4 wights (D:6)
  A crimson imp (D:6)
  A bullfrog zombie (D:7)
  2 howler monkeys (D:6)
  3 orc priests
  4 hounds (D:6)
  A jelly (D:5)
  6 orc wizards
  A centaur skeleton (D:5)
  2 gnoll shamans (D:6)
  2 worker ants
  A hound zombie (D:6)
  2 hound skeletons
  A worker ant zombie (D:6)
  6 gnolls (D:6)
  9 adders
  A shadow imp (D:5)
  2 oozes (D:1)
  2 adder skeletons
  4 dart slugs
  7 leopard geckos
  18 orcs
  7 giant cockroaches
  11 goblins
  10 hobgoblins
  3 jackals (D:6)
  20 kobolds
  5 quokkas
  2 ball pythons (D:3)
  7 bats
  2 frilled lizards (D:3)
  6 rats
171 creatures vanquished.

Vanquished Creatures (collateral kills)
  2 orc priests (D:4)
  An orc wizard (D:4)
  An adder (D:4)
  3 orcs (D:4)
  A frilled lizard (D:4)
8 creatures vanquished.

Vanquished Creatures (others)
  A hobgoblin (D:6)
1 creature vanquished.

Grand Total: 180 creatures vanquished

Notes
Turn   | Place    | Note
-------+----------+-------------------------------------------
     0 | D:1      | KleinerIrrer the Octopode Transmuter began the quest for the Orb.
     0 | D:1      | Reached XP level 1. HP: 13/13 MP: 3/3
   139 | D:1      | Reached XP level 2. HP: 18/18 MP: 3/5
   153 | D:1      | Learned a level 2 spell: Sticks to Snakes
   395 | D:1      | Reached skill level 1 in Stealth
   531 | D:1      | Reached XP level 3. HP: 23/23 MP: 6/6
  1064 | D:2      | Found a radiant altar of Vehumet.
  1392 | D:2      | Found a basalt altar of Yredelemnul.
  1529 | D:2      | Reached XP level 4. HP: 27/28 MP: 3/7
  1535 | D:2      | Learned a level 4 spell: Ice Form
  1835 | D:3      | Noticed an orc warrior
  2445 | D:3      | Reached skill level 1 in Ice Magic
  2445 | D:3      | Reached XP level 5. HP: 4/33 MP: 8/8
  2775 | D:3      | Noticed an ogre
  2788 | D:3      | Killed an ogre
  2788 | D:3      | Reached skill level 5 in Transmutations
  2788 | D:3      | Reached XP level 6. HP: 19/38 MP: 4/9
  3272 | D:3      | Found a snail-covered altar of Cheibriados.
  3959 | D:4      | Found Lagysk's Distillery.
  3963 | D:4      | Bought a potion of agility for 56 gold pieces
  3963 | D:4      | Bought a potion of heal wounds for 70 gold pieces
  3963 | D:4      | Bought a potion of might for 56 gold pieces
  3972 | D:4      | Found Ekhal's Weapon Shop.
  3974 | D:4      | Found Fiureawn's Jewellery Emporium.
  4096 | D:4      | Found Bais's Magic Scroll Boutique.
  4189 | D:4      | Got a brightly glowing dagger
  4190 | D:4      | Identified the cursed +0 dagger of a bazaar {drain, MR+} (You found it on level 4 of the Dungeon)
  4433 | D:5      | Entered Level 5 of the Dungeon
  4439 | D:5      | Reached XP level 7. HP: 39/43 MP: 10/10
  4659 | D:5      | Found a sacrificial altar of Ru.
  5093 | D:5      | Found a staircase to the Ecumenical Temple.
  5143 | D:5      | Noticed Menkaure
  5150 | D:5      | Killed Menkaure
  5150 | D:5      | Reached XP level 8. HP: 48/48 MP: 11/11
  5208 | D:5      | Found a glowing golden altar of the Shining One.
  6019 | D:6      | Noticed Eustachio
  6051 | D:6      | Killed Eustachio
  6051 | D:6      | Reached skill level 5 in Unarmed Combat
  6437 | D:6      | Reached XP level 9. HP: 53/53 MP: 11/15
  7347 | D:4      | Bought a potion of heal wounds for 70 gold pieces
  7347 | D:4      | Bought a potion of curing for 42 gold pieces
  7495 | D:6      | Reached skill level 5 in Spellcasting
  8287 | D:7      | Noticed TheGamingCockatoo's ghost (novice MiBe)
  8320 | D:7      | Slain by TheGamingCockatoo's ghost

Skill      XL: |  1  2  3  4  5  6  7  8  9 |
---------------+----------------------------+-----
Stealth        | 1 |  1.1
Transmutations | 3 4 5 6 7 8 |  8.0
Dodging        | 3 |  3.2
Ice Magic      | 1 2 |  2.0
Spellcasting   | 4 5 |  5.1
Unarmed Combat | 6 8 |  8.5
Fighting       | |  1.7

Action                   |  1- 3 |  4- 6 |  7- 9 || total
-------------------------+-------+-------+-------++-------
Melee: Unarmed           |    70 |    40 |   151 ||   261
       Constrict         |    22 |    35 |    29 ||    86
       Kick              |    16 |     5 |     3 ||    24
       Tentacles         |    10 |    22 |    19 ||    51
       Hand axe          |       |    13 |       ||    13
       Whip              |       |    61 |       ||    61
       Punch             |       |     4 |     2 ||     6
       Dagger            |       |     8 |    54 ||    62
       Long sword        |       |       |    50 ||    50
 Cast: Beastly Appendage |    23 |    11 |     3 ||    37
       Sticks to Snakes  |     1 |    12 |     3 ||    16
       Ice Form          |       |     1 |    18 ||    19
  Use: Scroll            |       |     4 |     5 ||     9
       Potion            |       |     3 |     3 ||     6
 Stab: Sleeping          |     6 |     7 |     2 ||    15
       Distracted        |       |       |     2 ||     2
       Paralysed         |       |       |     1 ||     1
  Eat: Chunk             |     2 |    11 |    14 ||    27
       Bread ration      |       |       |     1 ||     1
Armor: Skin              |     6 |     7 |    42 ||    55
Dodge: Dodged            |    49 |    75 |   171 ||   295
       Rpst.: Long sword |       |       |    18 ||    18
